 Dungeon Crawl Stone Soup version 0.19.1-1-g22dce08 (webtiles) character file.

3003 Faustar the Destroyer (level 9, -2/51 HPs)
             Began as a High Elf Conjurer on Jan 1, 2017.
             Slain by a hog (13 damage)
             ... on level 7 of the Dungeon.
             The game lasted 00:28:30 (9572 turns).

Faustar the Destroyer (High Elf Conjurer)           Turns: 9572, Time: 00:28:31

Health: -2/51      AC:  3    Str:  7    XL:     9   Next: 54%
Magic:  6/22       EV: 13    Int: 23    God:
Gold:   276        SH:  0    Dex: 16    Spells: 5 memorised, 10 levels left

rFire  . . .     SeeInvis .     m - +1 dagger (venom)
rCold  . . .     Gourm    .     a - +1 robe
rNeg   . . .     Faith    .     (no shield)
rPois  .         Spirit   .     (no helmet)
rElec  .         Reflect  .     (no cloak)
rCorr  .         Harm     .     (no gloves)
MR     .....                    (no boots)
Stlth  +++.......               (no amulet)
                                (no ring)
                                f - ring of stealth

@: repel missiles
A: no striking features
a: no special abilities


You were on level 7 of the Dungeon.
You were hungry.

You visited 2 branches of the dungeon, and saw 8 of its levels.
You also visited: Ossuary.

You collected 276 gold pieces.

Inventory:

Hand Weapons
 m - a +1 dagger of venom (weapon)
 v - the +9 mace "Jirish Udaut" {antimagic, rC+++ MP+9 Int-2 Stlth+}
   (You found it on level 4 of the Dungeon)

   It reduces the magical energy of the wielder, and disrupts the spells and
   magical abilities of those hit.
   Natural abilities and divine invocations are not affected.
   It affects your intelligence (-2).
   It renders you almost immune to cold.
   It affects your magic capacity (+9).
   It makes you more stealthy.
Armour
 a - a +1 robe (worn)
Jewellery
 f - a ring of stealth (left hand)
Wands
 z - a wand of enslavement (14/24)
 E - a wand of lightning (3/15)
Scrolls
 e - a scroll of amnesia
 j - 4 scrolls of remove curse
 l - a scroll of magic mapping
 s - 2 scrolls of identify
 w - a scroll of recharging
 x - 2 scrolls of enchant armour
 y - a scroll of fog {unknown}
 B - a scroll of noise {unknown}
 C - 2 scrolls of teleportation
 D - 3 scrolls of immolation {unknown}
Potions
 h - 4 potions of degeneration {unknown}
 i - 3 potions of haste
 k - 2 potions of mutation {unknown}
 n - 3 potions of lignification {unknown}
 p - 4 potions of magic
 q - a potion of flight
 r - 3 potions of heal wounds
 u - 7 potions of curing {unknown}
 A - 2 potions of agility {unknown}
 G - a potion of brilliance {unknown}
Books
 b - a book of Conjurations

   Spells                             Type                      Level
   a - Magic Dart                     Conjuration                  1
   b - Searing Ray                    Conjuration                  2
   c - Dazzling Spray                 Conjuration/Hexes            3
   d - Fulminant Prism                Conjuration/Hexes            4
   e - Iskenderun's Mystic Blast      Conjuration                  4
   f - Iskenderun's Battlesphere      Conjuration/Charms           5
 t - a book of Minor Magic

   Spells                             Type                      Level
   a - Magic Dart                     Conjuration                  1
   b - Blink                          Translocation                2
   c - Call Imp                       Summoning                    2
   d - Repel Missiles                 Charms/Air                   2
   e - Slow                           Hexes                        2
   f - Conjure Flame                  Conjuration/Fire             3
   g - Mephitic Cloud                 Conjuration/Poison/Air       3
Comestibles
 c - 10 bread rations
 g - 2 fruits
 o - 2 meat rations


   Skills:
 - Level 2.1 Dodging
 - Level 2.1 Stealth
 - Level 8.0 Spellcasting
 + Level 9.0 Conjurations
 - Level 4.8 Hexes
 - Level 6.1 Charms
 - Level 5.9 Air Magic


You had 10 spell levels left.
You knew the following spells:

 Your Spells              Type           Power        Failure   Level  Hunger
a - Magic Dart            Conj           ####         1%          1    None
b - Searing Ray           Conj           ######       1%          2    None
c - Fulminant Prism       Conj/Hex       #####.....   6%          4    ###....
d - Iskenderun's Battles  Conj/Chrm      #####...     10%         5    #####..
e - Repel Missiles        Chrm/Air       #####.       1%          2    None


Dungeon Overview and Level Annotations

Branches:
Dungeon (7/15)             Temple (1/1) D:6

Altars:
Ashenzari
Elyvilon
Fedhas
Gozag
Hepliaklqana
Kikubaaqudgha
Makhleb
Nemelex Xobeh
Sif Muna
Trog
Uskayaw
Xom
Yredelemnul
Zin
The Shining One

Shops:
D:4 =

Annotations:
D:7 cuckmaster's ghost, novice TrWz


Message History

The barrage of energy hits the hog.
The hog is severely wounded.
The hog bites you! The hog barely misses you. The hog misses you.
Unknown command.
The searing ray misses the hog.
Your battlesphere fires!
The barrage of energy hits the hog.
The hog is moderately wounded.
The hog barely misses you. The hog bites you!
* * * LOW HITPOINT WARNING * * *
The hog bites you.
* * * LOW HITPOINT WARNING * * *
The hog closely misses you. The hog completely misses you.
Unknown command.
Unknown command.
As you read the scroll labeled HEOSEE VOCWIAT, it crumbles to dust.
It is a scroll of enchant weapon.
Your +0 dagger of venom glows red for a moment.
The hog completely misses you. The hog closely misses you. The hog bites you!
You die...

#.# #.. ####..
##....#
########...###
##.....#.....##
##*............#
###...............
##@h....<..........
#hhh...............
##'#####...........
#..#..#...........
#..#h.#...........
#..'..#..........#
#%.#..#...#.....##
#%%#..###########
#######


You could see 4 hogs and a friendly battlesphere.

Vanquished Creatures
  The ghost of Schattenjager the Ruffian, a novice TrMo of Uskayaw (D:4)
  Grinder (D:3)
  Sigmund (D:2)
  A human (D:7)
  3 orc warriors
  2 ice beasts
  An ogre (D:6)
  3 phantoms
  A centaur (D:5)
  3 bullfrogs
  2 scorpions
  A jelly (D:5)
  2 crimson imps (D:5)
  2 orc priests (D:7)
  3 hounds (D:5)
  4 orc wizards
  A centaur skeleton (D:4)
  Jessica (D:2)
  An iguana (D:5)
  Terence (D:2)
  12 mummies (Ossuary)
  Robin (D:1)
  3 worker ant zombies (D:4)
  6 gnolls
  9 adders
  2 shadow imps (D:5)
  4 oozes
  An adder skeleton (D:4)
  3 adder zombies
  3 worms
  4 dart slugs
  3 leopard geckos
  24 orcs
  7 giant cockroaches
  13 goblins
  7 hobgoblins
  2 jackals (D:6)
  11 kobolds
  2 quokkas (D:6)
  2 ball pythons
  5 bats
  5 frilled lizards
  A giant cockroach zombie (D:4)
  A gnoll skeleton (Ossuary)
  3 goblin skeletons (Ossuary)
  A jackal skeleton (D:3)
  2 kobold skeletons (Ossuary)
  2 leopard gecko skeletons (D:4)
  A leopard gecko zombie (D:4)
  An orc skeleton (Ossuary)
  2 quokka skeletons
  A quokka zombie (D:5)
  10 rats
  11 rat skeletons (Ossuary)
  A rat zombie (D:7)
201 creatures vanquished.

Vanquished Creatures (others)
  A goblin (D:2)
  A kobold skeleton (Ossuary)
  33 fulminant prisms
35 creatures vanquished.

Grand Total: 236 creatures vanquished

Notes
Turn   | Place    | Note
-------+----------+-------------------------------------------
     0 | D:1      | Faustar the High Elf Conjurer began the quest for the Orb.
     0 | D:1      | Reached XP level 1. HP: 11/11 MP: 4/4
   359 | D:1      | Reached XP level 2. HP: 15/17 MP: 0/6
   567 | D:1      | Learned a level 2 spell: Searing Ray
   707 | D:1      | Reached skill level 5 in Conjurations
   707 | D:1      | Reached XP level 3. HP: 21/21 MP: 1/8
  1298 | D:2      | Noticed Robin
  1304 | D:1      | Killed Robin
  1622 | D:2      | Reached XP level 4. HP: 27/27 MP: 5/10
  1727 | D:2      | Found a white marble altar of Elyvilon.
  1896 | D:2      | Noticed Jessica
  1903 | D:2      | Learned a level 4 spell: Fulminant Prism
  1915 | D:2      | Killed Jessica
  2024 | D:2      | Noticed Sigmund
  2222 | D:2      | Noticed Terence
  2244 | D:2      | Killed Terence
  2244 | D:2      | Reached skill level 1 in Hexes
  2244 | D:2      | Reached XP level 5. HP: 8/31 MP: 7/12
  2574 | D:2      | Noticed an ice beast
  2589 | D:2      | Killed an ice beast
  2816 | D:2      | Killed Sigmund
  2816 | D:2      | Reached XP level 6. HP: 36/36 MP: 2/13
  3055 | D:3      | Reached skill level 6 in Conjurations
  3150 | D:3      | Noticed Grinder
  3215 | D:3      | Learned a level 5 spell: Iskenderun's Battlesphere
  3364 | D:3      | Reached XP level 7. HP: 41/41 MP: 12/14
  3658 | D:3      | Killed Grinder
  4066 | D:3      | Learned a level 2 spell: Repel Missiles
  4414 | D:4      | Reached skill level 5 in Charms
  4439 | D:4      | Noticed Schattenjager's ghost (novice TrMo)
  5226 | D:4      | Found Yloliwic's Jewellery Shoppe.
  5270 | D:4      | Reached skill level 1 in Air Magic
  5345 | D:4      | Reached XP level 8. HP: 46/46 MP: 0/15
  5533 | D:4      | Killed Schattenjager's ghost
  5533 | D:4      | Reached skill level 5 in Air Magic
  5632 | D:5      | Entered Level 5 of the Dungeon
  5731 | D:5      | Reached skill level 5 in Spellcasting
  6393 | D:5      | Found a faded altar of an unknown god.
  6393 | D:5      | Found a faded altar of an unknown god.
  6398 | D:5      | Found a basalt altar of Yredelemnul.
  6400 | D:5      | Found a faded altar of an unknown god.
  6401 | D:5      | Found a faded altar of an unknown god.
  6460 | D:4      | Got a shimmering mace
  6462 | D:4      | Identified the +9 mace "Jirish Udaut" {antimagic, rC+++ MP+9 Int-2 Stlth+} (You found it on level 4 of the Dungeon)
  6935 | D:6      | Reached XP level 9. HP: 43/51 MP: 1/21
  7261 | D:6      | Noticed a dagger
  7262 | D:6      | Noticed a dagger
  7263 | D:6      | Found a hide-covered altar of Uskayaw.
  7890 | D:6      | Found a staircase to the Ecumenical Temple.
  7899 | Temple   | Entered the Ecumenical Temple
  8187 | D:7      | Noticed cuckmaster's ghost (novice TrWz)
  8415 | D:7      | Reached skill level 7 in Conjurations
  8437 | D:7      | Found a bloodstained altar of Trog.
  8437 | D:7      | Found a sand-covered staircase.
  8447 | Ossuary  | Entered an ossuary
  9260 | D:7      | Reached skill level 8 in Conjurations
  9353 | D:7      | Found a glowing silver altar of Zin.
  9353 | D:7      | Found a sparkling altar of Nemelex Xobeh.
  9366 | D:7      | Found a deep blue altar of Sif Muna.
  9568 | D:7      | Reached skill level 9 in Conjurations
  9572 | D:7      | Slain by a hog

Skill      XL: |  1  2  3  4  5  6  7  8  9 |
---------------+----------------------------+-----
Spellcasting   | 3 4 7 8 |  8.0
Conjurations   | 5 6 9 |  9.0
Hexes          | 1 4 |  4.8
Charms         | 6 |  6.1
Air Magic      | 3 5 |  5.9
Dodging        | |  2.1
Stealth        | |  2.1

Action                   |  1- 3 |  4- 6 |  7- 9 || total
-------------------------+-------+-------+-------++-------
Melee: Short sword       |    13 |       |       ||    13
       Dagger            |     1 |    26 |    15 ||    42
 Cast: Magic Dart        |    42 |    36 |   145 ||   223
       Searing Ray       |     4 |    12 |    48 ||    64
       Fulminant Prism   |       |     5 |    28 ||    33
       Iskenderun's Batt |       |       |     9 ||     9
       Repel Missiles    |       |       |     1 ||     1
  Use: Scroll            |       |     3 |    10 ||    13
 Stab: Sleeping          |     1 |       |     1 ||     2
  Eat: Chunk             |     2 |     6 |    19 ||    27
       Fruit             |       |     1 |     1 ||     2
       Bread ration      |       |       |     1 ||     1
Armor: Robe              |     1 |    17 |    12 ||    30
Dodge: Dodged            |    19 |    68 |    52 ||   139
       Deflected         |       |       |     4 ||     4
